 Dungeon Crawl Stone Soup version 0.29.1-15-g9cfb28693d (webtiles) character file.

Game seed: 9863731772124436435

173 leafyfresh the Sneak (level 5, -2/37 HPs)
             Began as an Octopode Delver on Mar 5, 2023.
             Was an Initiate of Ashenzari.
             Slain by Grinder (7 damage)
             ... while paralysed by Grinder
             ... on level 3 of the Dungeon.
             The game lasted 00:03:38 (3191 turns).

leafyfresh the Sneak (Octopode Delver)              Turns: 3191, Time: 00:03:39

Health: -2/37      AC:  1    Str: 11    XL:     5   Next: 53%
Magic:  5/5        EV:  2    Int: 14    God:    Ashenzari [......]
Gold:   117        SH:  0    Dex: 14    Spells: 4/4 levels left

rFire   . . .      SeeInvis .   p - +4 dagger (freeze)
rCold   + . .      Faith    .   (no shield)
rNeg    . . .      Spirit   .   (helmet restricted)
rPois   .          Reflect  .   (no amulet)
rElec   .          Harm     .   s - ring of protection from cold
rCorr   .          Rampage  .   (no ring)
Will    .....                   (no ring)
Stlth   +++++.....              (no ring)
HPRegen 0.12/turn               (no ring)
MPRegen 0.09/turn               (no ring)
                                (no ring)
                                (no ring)

@: paralysed
A: almost no armour, amphibious, 8 rings, camouflage 1, gelatinous body 1,
(nimble swimmer 1), tentacles
a: Renounce Religion, Curse Item


You were on level 3 of the Dungeon.
You worshipped Ashenzari.
Ashenzari was noncommittal.
You visited 1 branch of the dungeon, and saw 5 of its levels.

You collected 117 gold pieces.

Inventory:

Hand Weapons
 a - a +0 short sword
 e - a +2 whip of electrocution
 g - a +1 dagger of speed
 p - a +4 dagger of freezing (weapon)
Jewellery
 s - a ring of protection from cold (left tentacle)
Wands
 f - a wand of digging (7)
Scrolls
 b - 2 scrolls of fog
 c - a scroll of magic mapping
 d - a scroll of enchant weapon {unknown}
 h - 2 scrolls of teleportation {unknown}
 i - a scroll of fear
 j - 2 scrolls of noise {unknown}
 k - 2 scrolls of identify {unknown}
 l - a scroll of poison {unknown}
 u - 2 scrolls of vulnerability {unknown}
 v - a scroll of enchant armour {unknown}
Potions
 m - a potion of lignification {unknown}
 n - a potion of berserk rage {unknown}
 o - a potion of attraction {unknown}
 q - 2 potions of curing {unknown}
 r - a potion of heal wounds {unknown}
 t - a potion of brilliance {unknown}


   Skills:
 + Level 4.2 Fighting
 - Level 2.0 Short Blades
 + Level 3.5 Dodging
 + Level 7.9 Stealth


You had 4 spell levels left.
You didn't know any spells.
Your spell library was empty.

Dungeon Overview and Level Annotations

Branches:
Dungeon (5/15)
 Temple: D:4-7

Altars:
Ashenzari

Annotations:
D:3 Grinder


Innate Abilities, Weirdness & Mutations

You cannot wear most types of armour.
You are amphibious.
You can wear up to eight rings at the same time.
Your skin changes colour to match your surroundings (Stealth+).
Your rubbery body absorbs attacks. (AC +1, EV +1)
((You are camouflaged when in or above water. (Stealth+)))
You have tentacles for arms and can constrict up to eight enemies at once.


Message History

The giant cockroach bites you. The giant cockroach bites you.
Grinder gestures at you. You resist with significant effort.
The giant cockroach bites you but does no damage.
Grinder hits you!
You can move again.
You hit the giant cockroach. You freeze the giant cockroach.
You grab the giant cockroach.
The giant cockroach is severely wounded.
You constrict the giant cockroach.
You kill the giant cockroach!
Grinder hits you.
Unknown command.
You barely miss Grinder. Your grab misses Grinder. Your squeeze misses Grinder.
Grinder is lightly wounded.
Unknown command.
You hit Grinder. You grab Grinder.
Grinder is lightly wounded.
You constrict Grinder. Grinder hits you.
You writhe in agony.
Unknown command.
You barely miss Grinder.
Grinder is moderately wounded.
You constrict Grinder. Grinder barely misses you.
Unknown command.
You completely miss Grinder.
Grinder is moderately wounded.
You constrict Grinder. Grinder gestures at you.
You suddenly lose the ability to move!
You lose your grip on Grinder.
Grinder hits you.
* * * LOW HITPOINT WARNING * * *
You writhe in agony.
* * * LOW HITPOINT WARNING * * *
Grinder barely misses you. Grinder hits you.
* * * LOW HITPOINT WARNING * * *
Grinder hits you but does no damage. Grinder hits you!
You die...

#.###.##...##....†....#
#########.###.....#####...###.##
##.............###.# ##.###...#
.#.###.###.###.# #.# ####.....
.#.# #.# #.# #.# #'## #......
.#)# #.# #.# #.##...## ##.....
.#.# ... ..# #.#.....## ##§..#
.#.# #.. ..# #...5....## .#5##
.#.#.#.....# #..@†.....# ....#
............(..........' .....#
.#.........###.........# ##....#
####...... ##.......## ... ..
####.# ##.....## ###. .. #
##...## #+##


You could see Grinder.

Vanquished Creatures
  An orc priest (D:5)
  An iguana (D:5)
  An orc wizard (D:5)
  2 adders (D:2)
  3 dart slugs
  5 orcs
  6 endoplasms
  2 giant cockroaches
  3 goblins
  5 hobgoblins
  2 jackals (D:1)
  2 quokkas
  6 ball pythons
  7 bats
  5 frilled lizards
  8 kobolds
  5 rats
64 creatures vanquished.

Notes
Turn   | Place    | Note
-------+----------+-------------------------------------------
     0 | D:5      | leafyfresh the Octopode Delver began the quest for the Orb.
     0 | D:5      | Reached XP level 1. HP: 16/16 MP: 1/1
     5 | D:5      | Noticed an iguana
    12 | D:5      | Killed an iguana
    13 | D:5      | Reached skill level 7 in Stealth
    13 | D:5      | Reached XP level 2. HP: 21/21 MP: 2/2
    13 | D:5      | Reached XP level 3. HP: 26/26 MP: 3/3
    25 | D:5      | Reached XP level 4. HP: 33/33 MP: 4/4
   594 | D:3      | Found a broken altar of Ashenzari.
   661 | D:3      | Noticed Grinder
   665 | D:3      | Noticed an ogre
   666 | D:3      | Paralysed by Grinder for 4 turns
   742 | D:3      | Became a worshipper of Ashenzari the Shackled
  1363 | D:2      | Reached XP level 5. HP: 32/37 MP: 5/5
  3179 | D:3      | Paralysed by Grinder for 2 turns
  3186 | D:3      | Paralysed by Grinder for 5 turns
  3191 | D:3      | Slain by Grinder

Illustrated notes

Levels and vault maps discovered:
D:1:      lemuel_arrival_behind_the_door_large, layout_basic
D:2:      layout_rooms
D:3:      layout_loops_corners, mainiacjoe_overflow_alcove_4, uniq_grinder
D:4:      layout_rooms, dreamdust_wishing_well, minmay_circle_x,
          uniq_crazy_yiuf_cottage
D:5:      layout_gridville, mainiacjoe_overflow_tiny_flanked

Skill      XL: |  1  2  3  4  5 |
---------------+----------------+-----
Stealth        | 7 |  7.9
Dodging        | 3 |  3.5
Fighting       | 4 |  4.2
Short Blades   | |  2.0

Action                   |  1- 3 |  4- 6 || total
-------------------------+-------+-------++-------
Melee: Short sword       |     4 |    29 ||    33
       Tentacles         |     1 |    11 ||    12
       Constrict         |       |    20 ||    20
       Whip              |       |    30 ||    30
       Dagger            |       |    39 ||    39
  Use: Scroll            |       |     1 ||     1
       Potion            |       |     1 ||     1
 Stab: Sleeping          |     4 |    32 ||    36
Armor: Skin              |       |     6 ||     6
Dodge: Dodged            |       |    43 ||    43
